cohdb
Replays
Latest Replays
All Replays
Popular Replays
Top Player Replays
Match Explorer
How It Works
Community
CoH3 Stats
Reddit
Sign in to upload your games and track your stats! →
Sign in with Steam
Match 41548932
Unlisted
Match 41548932
Overview
Messages
Build Orders
End
Panzergrenadier Squad
Kradschützen Motorcycle Team
Panzergrenadier Squad
250 Light Carrier
Selects Armored Support Battlegroup
Selects Superior Fire Drills
Construct Light Support Kompanie
Fire Support Elements
Flakvierling Half-track
Vehicle Survival Package
Combat Half-tracks
Panzerjäger Mechanized Group
Construct Panzerarmee Kommand
Selects Flammpanzer III Medium Tank
Panzerpioneer Squad
Selects Command Panzer IV F Medium Tank
Selects Salvage Kits
Emergency Repair Kits
Rapid Advance
Walking Stuka Rocket Launcher
Armored Reserves
Selects Panzer Storm
Panzer IV Assault Group
Walking Stuka Rocket Launcher
Advanced Optics
Tungsten Core Ammunition
Veteran Squad Leaders
Selects Stuka Anti-tank Loiter
Stuka Anti-tank Loiter
Tiger Heavy Tank
Panzer III L Medium Tank
Stuka Anti-tank Loiter
Flak 36 Anti-tank Gun Team
Tiger Heavy Tank
Panzerpioneer Squad
Stuka Anti-tank Loiter
Panzerpioneer Squad
Stuka Anti-tank Loiter
Tiger Heavy Tank
Dave
YourMom'sPiesSoHotRightNow
tommyfoxy
BOOTSA
0
0
Comments
sign in to comment!
No comments posted yet!